General information
- name: BNet
- type: Ladder team game (AT/RT)
- host: Battle.net
- saver: Noafkersorleave
map: Cherryville
- players: 8
- length: 67:54
- speed: Fast
- version: 1.27 W3XP
- replay type: Public
» download(317 KB)
Players
team 1 (winner)

»
Stormbolt (
purple | 75 APM | 1871 actions | 24:54)
5 Archmage
3 Summon Water Elemental
2 Brilliance Aura
3 Mountain King
1 Storm Bolt
2 Bash
» actions
| Assign group hotkey | 39 | |
| Basic commands | 190 | |
| Build / train | 93 | |
| ESC pressed | 7 | |
| Enter build submenu | 31 | |
| Enter hero's abilities submenu | 8 | |
| Give item / drop item | 2 | |
| Right click | 686 | |
| Select / deselect | 394 | |
| Select group hotkey | 331 | |
| Use ability | 90 | |
1871 total
» units
| Peasant | 11 | |
| Footman | 18 | |
| Goblin Shredder | 1 | |
| Priest | 11 | |
| Knight | 5 | |
| Dragonhawk Rider | 7 | |
| Siege Engine | 8 | |
| Gryphon Rider | 2 | |
63 total
» upgrades
| Swords | 2 | |
| Priest Training | 2 | |
| Armor | 1 | |
| Lumber Harvesting | 2 | |
| Animal War Training | 1 | |
| Cloud | 1 | |
| Gunpowder | 2 | |
| Barrage | 1 | |
| Defend | 1 | |
| Storm Hammers | 1 | |
14 total
» buildings
| Altar of Kings | 1 | |
| Barracks | 1 | |
| Farm | 11 | |
| Keep | 1 | |
| Lumber Mill | 1 | |
| Blacksmith | 1 | |
| Arcane Vault | 1 | |
| Workshop | 3 | |
| Arcane Sanctum | 1 | |
| Town Hall | 4 | |
| Castle | 1 | |
| Gryphon Aviary | 1 | |
27 total
» build order
00:11 Altar of Kings
00:14 Barracks
00:25 Farm
01:07 Farm
01:43 Farm
03:16 Keep
03:29 Farm
03:49 Lumber Mill
04:16 Farm
04:20 Blacksmith
04:57 Arcane Vault
05:42 Workshop
06:17 Farm
07:17 Arcane Sanctum
07:42 Town Hall
07:47 Castle
10:56 Gryphon Aviary
11:40 Farm
12:18 Farm
12:19 Farm
13:06 Workshop
13:39 Farm
14:37 Workshop
18:28 Farm
21:20 Town Hall
21:45 Town Hall
22:23 Town Hall
» items
| Scroll of Regeneration | 2 | |
| Dust of Appearance | 1 | |
| Scroll of Town Portal | 1 | |
4 total
OffDaRails (
blue | 36 APM | 2419 actions | 67:51)
9 Archmage
3 Summon Water Elemental
3 Brilliance Aura
2 Mass Teleport
1 Blizzard
» actions
| Assign group hotkey | 92 | |
| Basic commands | 234 | |
| Build / train | 96 | |
| Enter build submenu | 52 | |
| Enter hero's abilities submenu | 9 | |
| Give item / drop item | 16 | |
| Remove unit from queue | 1 | |
| Right click | 1010 | |
| Select / deselect | 458 | |
| Select group hotkey | 276 | |
| Use ability | 175 | |
2419 total
» units
| Peasant | 12 | |
| Footman | 4 | |
| Goblin Shredder | 1 | |
| Gryphon Rider | 9 | |
| Goblin Sapper | 14 | |
| Goblin Zeppelin | 1 | |
41 total
» upgrades
| Backpack | 0 | |
| Masonry | 3 | |
| Storm Hammers | 1 | |
| Animal War Training | 1 | |
| Swords | 3 | |
| Armor | 3 | |
| Cloud | 1 | |
| Long Rifles | 1 | |
| Defend | 1 | |
| Gunpowder | 1 | |
| Plating | 1 | |
16 total
» buildings
| Altar of Kings | 1 | |
| Barracks | 1 | |
| Farm | 10 | |
| Scout Tower | 33 | |
| Keep | 1 | |
| Arcane Tower | 1 | |
| Town Hall | 5 | |
| Arcane Vault | 1 | |
| Lumber Mill | 1 | |
| Castle | 1 | |
| Gryphon Aviary | 4 | |
| Blacksmith | 2 | |
| Guard Tower | 5 | |
66 total
» build order
00:35 Altar of Kings
00:37 Barracks
00:50 Farm
00:51 Farm
01:05 Farm
01:36 Farm
02:04 Scout Tower
03:43 Keep
03:59 Arcane Tower
04:03 Town Hall
04:35 Arcane Vault
06:10 Lumber Mill
06:27 Castle
07:19 Gryphon Aviary
07:21 Gryphon Aviary
07:26 Gryphon Aviary
07:28 Gryphon Aviary
08:14 Blacksmith
08:16 Blacksmith
08:55 Farm
12:46 Scout Tower
12:47 Scout Tower
12:49 Scout Tower
12:50 Scout Tower
12:50 Scout Tower
12:51 Scout Tower
12:52 Scout Tower
12:53 Scout Tower
12:54 Scout Tower
12:55 Scout Tower
12:56 Scout Tower
12:56 Scout Tower
12:57 Scout Tower
13:02 Scout Tower
13:02 Scout Tower
13:02 Scout Tower
13:03 Scout Tower
13:04 Scout Tower
14:07 Guard Tower
15:18 Guard Tower
15:22 Guard Tower
15:26 Scout Tower
15:27 Scout Tower
15:28 Scout Tower
15:28 Scout Tower
15:29 Scout Tower
15:30 Scout Tower
16:13 Farm
16:14 Farm
16:15 Farm
16:16 Farm
16:17 Farm
17:45 Guard Tower
24:18 Town Hall
24:19 Scout Tower
24:20 Scout Tower
24:20 Scout Tower
24:21 Scout Tower
24:21 Scout Tower
24:22 Scout Tower
24:22 Scout Tower
24:22 Scout Tower
25:35 Guard Tower
32:09 Town Hall
32:35 Town Hall
34:17 Town Hall
» items
| Scroll of Regeneration | 3 | |
| Mechanical Critter | 2 | |
| Orb of Corruption | 1 | |
| Staff of Teleportation | 1 | |
| Periapt of Vitality | 2 | |
| Scroll of Town Portal | 3 | |
| Tome of Retraining | 1 | |
| Staff of Sanctuary | 1 | |
14 total
Klentir (
yellow | 23 APM | 1595 actions | 67:54)
5 Death Knight
3 Death Coil
2 Unholy Aura
» actions
| Assign group hotkey | 4 | |
| Basic commands | 31 | |
| Build / train | 30 | |
| ESC pressed | 1 | |
| Enter build submenu | 15 | |
| Enter hero's abilities submenu | 5 | |
| Right click | 1000 | |
| Select / deselect | 416 | |
| Select group hotkey | 47 | |
| Use ability | 43 | |
1595 total
» units
| Acolyte | 3 | |
| Ghoul | 3 | |
| Crypt Fiend | 6 | |
| Goblin Zeppelin | 1 | |
13 total
» upgrades
| Creature Attack | 3 | |
| Creature Carapace | 3 | |
| Burrow | 1 | |
| Web | 1 | |
8 total
» buildings
| Altar of Darkness | 1 | |
| Ziggurat | 4 | |
| Crypt | 1 | |
| Graveyard | 1 | |
| Halls of the Dead | 1 | |
| Black Citadel | 1 | |
| Tomb of Relics | 1 | |
| Sacrificial Pit | 1 | |
| Boneyard | 1 | |
| Necropolis | 1 | |
13 total
» build order
00:10 Altar of Darkness
00:13 Ziggurat
00:46 Crypt
01:06 Graveyard
01:29 Ziggurat
02:37 Ziggurat
04:13 Halls of the Dead
05:09 Ziggurat
06:41 Black Citadel
06:55 Tomb of Relics
08:33 Sacrificial Pit
11:02 Boneyard
11:12 Necropolis
» items

»
butteryomelet (
teal | 65 APM | 3779 actions | 58:05)
6 Mountain King
3 Storm Bolt
2 Bash
1 Avatar
» actions
| Assign group hotkey | 13 | |
| Basic commands | 107 | |
| Build / train | 130 | |
| Enter build submenu | 80 | |
| Enter hero's abilities submenu | 6 | |
| Give item / drop item | 3 | |
| Remove unit from queue | 2 | |
| Right click | 2450 | |
| Select / deselect | 672 | |
| Select group hotkey | 152 | |
| Use ability | 164 | |
3779 total
» units
| Peasant | 43 | |
| Rifleman | 15 | |
| Siege Engine | 5 | |
| Mortar Team | 11 | |
| Flying Machine | 1 | |
75 total
» upgrades
| Masonry | 3 | |
| Gunpowder | 3 | |
| Lumber Harvesting | 2 | |
| Long Rifles | 1 | |
| Barrage | 1 | |
| Magic Sentry | 1 | |
| Flare | 1 | |
12 total
» buildings
| Altar of Kings | 1 | |
| Farm | 13 | |
| Blacksmith | 1 | |
| Barracks | 1 | |
| Arcane Vault | 2 | |
| Lumber Mill | 1 | |
| Keep | 1 | |
| Scout Tower | 39 | |
| Town Hall | 4 | |
| Guard Tower | 20 | |
| Castle | 2 | |
| Workshop | 4 | |
| Arcane Sanctum | 1 | |
| Arcane Tower | 2 | |
92 total
» build order
00:12 Altar of Kings
00:28 Farm
01:09 Farm
01:45 Blacksmith
02:06 Barracks
02:52 Farm
03:12 Arcane Vault
03:42 Lumber Mill
04:13 Farm
04:16 Farm
04:45 Keep
05:05 Scout Tower
05:06 Scout Tower
06:26 Town Hall
06:28 Scout Tower
06:33 Scout Tower
06:35 Farm
06:59 Guard Tower
07:38 Castle
07:38 Castle
09:07 Guard Tower
10:32 Workshop
10:34 Workshop
10:50 Workshop
10:57 Farm
11:18 Farm
12:36 Scout Tower
12:38 Scout Tower
12:42 Scout Tower
13:36 Guard Tower
13:38 Scout Tower
13:43 Scout Tower
14:04 Farm
15:06 Farm
15:10 Farm
15:12 Guard Tower
15:20 Workshop
16:04 Guard Tower
16:23 Arcane Sanctum
16:26 Scout Tower
16:28 Scout Tower
16:30 Scout Tower
17:18 Farm
17:20 Guard Tower
18:22 Guard Tower
18:31 Farm
20:50 Scout Tower
20:58 Scout Tower
25:20 Town Hall
32:07 Town Hall
40:34 Scout Tower
40:39 Scout Tower
40:40 Scout Tower
41:03 Guard Tower
41:04 Scout Tower
41:10 Scout Tower
41:13 Guard Tower
41:15 Guard Tower
41:18 Scout Tower
41:42 Arcane Tower
41:43 Scout Tower
41:45 Scout Tower
41:52 Guard Tower
42:52 Guard Tower
42:53 Scout Tower
42:55 Scout Tower
43:07 Scout Tower
43:26 Guard Tower
43:38 Scout Tower
43:44 Town Hall
43:49 Guard Tower
43:54 Scout Tower
43:55 Guard Tower
44:03 Scout Tower
44:52 Guard Tower
44:58 Scout Tower
44:59 Scout Tower
45:05 Scout Tower
45:05 Scout Tower
45:06 Scout Tower
45:07 Scout Tower
45:08 Scout Tower
45:09 Scout Tower
46:24 Guard Tower
46:27 Scout Tower
46:41 Guard Tower
46:55 Guard Tower
47:08 Guard Tower
48:30 Arcane Vault
49:01 Arcane Tower
49:24 Scout Tower
50:18 Scout Tower
» items
| Scroll of Regeneration | 1 | |
| Boots of Speed | 1 | |
| Potion of Lesser Invulnerability | 4 | |
| Scroll of Healing | 1 | |
| Orb of Fire | 1 | |
| Staff of Teleportation | 1 | |
9 total
team 2 (loser)

»
MaybeaShowah (
orange | 10 APM | 24 actions | 02:27)
» actions
| Basic commands | 1 | |
| Build / train | 7 | |
| Right click | 7 | |
| Select / deselect | 8 | |
| Use ability | 1 | |
24 total
» units
Noafkersorleave (
pink | 88 APM | 5968 actions | 67:54)
7 Blood Mage
3 Flame Strike
3 Banish
1 Summon Phoenix
» actions
| Assign group hotkey | 114 | |
| Basic commands | 125 | |
| Build / train | 459 | |
| ESC pressed | 26 | |
| Enter build submenu | 133 | |
| Enter hero's abilities submenu | 7 | |
| Give item / drop item | 6 | |
| Right click | 2812 | |
| Select / deselect | 695 | |
| Select group hotkey | 1082 | |
| Use ability | 509 | |
5968 total
» units
| Peasant | 28 | |
| Footman | 4 | |
| Sorceress | 1 | |
| Priest | 1 | |
34 total
» upgrades
| Masonry | 3 | |
| Sorceress Training | 2 | |
| Lumber Harvesting | 2 | |
| Priest Training | 2 | |
| Magic Sentry | 1 | |
10 total
» buildings
| Farm | 5 | |
| Barracks | 1 | |
| Altar of Kings | 1 | |
| Lumber Mill | 2 | |
| Scout Tower | 128 | |
| Guard Tower | 226 | |
| Town Hall | 4 | |
| Keep | 3 | |
| Arcane Vault | 2 | |
| Arcane Sanctum | 1 | |
| Castle | 4 | |
| Blacksmith | 1 | |
| Workshop | 1 | |
| Cannon Tower | 33 | |
| Arcane Tower | 59 | |
471 total
» build order
01:15 Farm
01:16 Farm
01:29 Barracks
01:31 Altar of Kings
02:17 Farm
02:32 Farm
02:53 Farm
02:57 Lumber Mill
02:59 Scout Tower
03:03 Scout Tower
03:07 Scout Tower
03:48 Scout Tower
03:50 Scout Tower
03:59 Guard Tower
04:00 Guard Tower
04:00 Guard Tower
04:00 Guard Tower
04:57 Town Hall
05:00 Scout Tower
05:01 Scout Tower
05:03 Scout Tower
05:04 Scout Tower
05:19 Guard Tower
05:19 Guard Tower
05:20 Guard Tower
05:20 Guard Tower
05:20 Guard Tower
05:20 Guard Tower
05:21 Guard Tower
05:37 Guard Tower
05:37 Guard Tower
05:38 Guard Tower
05:41 Scout Tower
06:21 Keep
06:22 Keep
06:36 Arcane Vault
07:11 Guard Tower
07:59 Scout Tower
08:01 Scout Tower
08:03 Scout Tower
09:30 Guard Tower
09:31 Guard Tower
09:31 Guard Tower
09:47 Arcane Vault
09:49 Arcane Sanctum
10:05 Scout Tower
10:07 Scout Tower
10:09 Scout Tower
10:10 Scout Tower
10:14 Scout Tower
10:36 Guard Tower
10:37 Guard Tower
10:37 Guard Tower
10:37 Guard Tower
10:46 Guard Tower
10:46 Guard Tower
10:50 Guard Tower
10:50 Guard Tower
10:50 Guard Tower
10:50 Guard Tower
10:51 Scout Tower
10:55 Scout Tower
10:55 Scout Tower
10:59 Scout Tower
11:07 Scout Tower
11:09 Scout Tower
11:10 Scout Tower
11:23 Lumber Mill
11:28 Scout Tower
11:28 Scout Tower
11:29 Scout Tower
11:30 Scout Tower
11:32 Guard Tower
11:33 Guard Tower
11:33 Guard Tower
11:33 Guard Tower
11:42 Guard Tower
11:42 Guard Tower
11:42 Guard Tower
11:43 Guard Tower
12:01 Guard Tower
12:01 Guard Tower
12:01 Guard Tower
12:02 Guard Tower
12:08 Scout Tower
12:10 Scout Tower
12:15 Scout Tower
12:23 Scout Tower
12:27 Scout Tower
12:34 Scout Tower
12:48 Guard Tower
12:49 Guard Tower
12:49 Guard Tower
13:06 Guard Tower
13:06 Guard Tower
13:06 Guard Tower
13:07 Guard Tower
13:07 Guard Tower
13:07 Guard Tower
13:26 Guard Tower
13:26 Guard Tower
13:26 Guard Tower
13:27 Guard Tower
13:33 Guard Tower
13:33 Guard Tower
13:34 Guard Tower
13:55 Guard Tower
13:55 Guard Tower
13:55 Guard Tower
13:56 Guard Tower
14:16 Guard Tower
14:16 Guard Tower
14:16 Guard Tower
14:26 Scout Tower
14:27 Scout Tower
14:28 Scout Tower
14:29 Scout Tower
14:33 Guard Tower
14:33 Guard Tower
14:34 Guard Tower
14:55 Guard Tower
14:55 Guard Tower
14:55 Guard Tower
14:58 Scout Tower
14:59 Scout Tower
15:04 Guard Tower
15:04 Guard Tower
15:05 Guard Tower
15:05 Guard Tower
15:33 Scout Tower
15:34 Scout Tower
15:39 Scout Tower
15:39 Scout Tower
15:43 Scout Tower
15:47 Guard Tower
15:47 Guard Tower
15:47 Guard Tower
15:48 Guard Tower
16:04 Guard Tower
16:05 Guard Tower
16:20 Guard Tower
16:21 Guard Tower
16:21 Guard Tower
16:21 Guard Tower
16:21 Guard Tower
16:22 Guard Tower
16:26 Scout Tower
16:28 Scout Tower
16:31 Scout Tower
16:34 Guard Tower
16:34 Guard Tower
16:35 Guard Tower
16:35 Guard Tower
16:35 Guard Tower
16:54 Guard Tower
16:54 Guard Tower
17:01 Guard Tower
17:01 Guard Tower
17:01 Guard Tower
17:02 Guard Tower
17:02 Guard Tower
17:02 Guard Tower
17:04 Guard Tower
17:04 Guard Tower
17:07 Guard Tower
17:07 Guard Tower
17:08 Guard Tower
17:51 Scout Tower
17:51 Scout Tower
17:52 Scout Tower
17:52 Scout Tower
17:53 Scout Tower
17:55 Scout Tower
17:56 Scout Tower
18:24 Guard Tower
18:25 Guard Tower
18:25 Guard Tower
18:25 Guard Tower
18:25 Guard Tower
18:26 Guard Tower
18:26 Guard Tower
18:37 Guard Tower
18:38 Guard Tower
18:38 Guard Tower
18:38 Guard Tower
18:40 Castle
18:40 Castle
18:41 Castle
19:31 Scout Tower
19:32 Scout Tower
19:39 Scout Tower
19:40 Scout Tower
19:43 Scout Tower
19:59 Guard Tower
19:59 Guard Tower
19:59 Guard Tower
20:00 Guard Tower
20:00 Guard Tower
20:00 Guard Tower
21:30 Scout Tower
21:31 Scout Tower
21:32 Scout Tower
21:33 Scout Tower
21:34 Scout Tower
21:36 Scout Tower
21:37 Scout Tower
21:39 Scout Tower
22:01 Guard Tower
22:02 Guard Tower
22:02 Guard Tower
22:02 Guard Tower
22:03 Guard Tower
22:03 Guard Tower
22:04 Guard Tower
22:04 Guard Tower
22:04 Guard Tower
22:04 Guard Tower
22:17 Guard Tower
22:17 Guard Tower
22:17 Guard Tower
22:17 Guard Tower
22:18 Guard Tower
22:36 Guard Tower
22:36 Guard Tower
22:36 Guard Tower
22:48 Town Hall
23:23 Blacksmith
23:40 Scout Tower
23:41 Scout Tower
23:42 Scout Tower
23:43 Scout Tower
23:44 Scout Tower
23:48 Scout Tower
23:50 Scout Tower
23:52 Scout Tower
23:53 Scout Tower
24:35 Scout Tower
24:45 Workshop
24:59 Guard Tower
25:00 Guard Tower
25:00 Guard Tower
25:00 Guard Tower
25:00 Guard Tower
25:01 Guard Tower
25:01 Guard Tower
25:01 Guard Tower
25:02 Guard Tower
25:02 Guard Tower
25:02 Guard Tower
25:02 Guard Tower
25:35 Scout Tower
25:36 Scout Tower
25:37 Scout Tower
25:41 Scout Tower
25:42 Scout Tower
25:43 Scout Tower
25:46 Scout Tower
26:17 Cannon Tower
26:17 Cannon Tower
26:17 Cannon Tower
26:18 Cannon Tower
26:18 Cannon Tower
26:18 Cannon Tower
26:56 Cannon Tower
26:57 Cannon Tower
26:58 Cannon Tower
26:58 Cannon Tower
28:10 Cannon Tower
28:10 Cannon Tower
28:11 Cannon Tower
28:12 Cannon Tower
28:13 Cannon Tower
28:13 Cannon Tower
28:13 Cannon Tower
28:38 Cannon Tower
28:39 Cannon Tower
28:39 Cannon Tower
28:43 Cannon Tower
28:43 Cannon Tower
28:44 Cannon Tower
29:08 Cannon Tower
29:08 Cannon Tower
29:54 Scout Tower
29:55 Scout Tower
29:58 Scout Tower
30:01 Scout Tower
30:03 Scout Tower
30:11 Scout Tower
30:12 Scout Tower
30:14 Scout Tower
30:16 Scout Tower
30:19 Scout Tower
30:23 Scout Tower
30:25 Scout Tower
30:30 Arcane Tower
30:30 Arcane Tower
30:52 Arcane Tower
30:52 Arcane Tower
30:53 Arcane Tower
30:59 Arcane Tower
31:17 Arcane Tower
31:17 Arcane Tower
31:18 Arcane Tower
31:18 Arcane Tower
31:28 Scout Tower
31:28 Scout Tower
32:37 Scout Tower
32:37 Scout Tower
32:38 Scout Tower
32:38 Scout Tower
32:39 Scout Tower
33:12 Arcane Tower
33:12 Arcane Tower
33:16 Arcane Tower
33:17 Arcane Tower
33:18 Guard Tower
33:19 Guard Tower
33:20 Guard Tower
33:22 Arcane Tower
33:53 Arcane Tower
33:54 Arcane Tower
33:54 Arcane Tower
33:56 Arcane Tower
33:57 Arcane Tower
44:39 Town Hall
44:42 Scout Tower
44:43 Scout Tower
44:44 Scout Tower
44:47 Scout Tower
44:48 Scout Tower
46:55 Arcane Tower
46:55 Arcane Tower
46:55 Arcane Tower
46:55 Arcane Tower
46:57 Scout Tower
46:57 Scout Tower
46:58 Scout Tower
47:01 Scout Tower
47:04 Scout Tower
47:05 Scout Tower
47:06 Scout Tower
47:30 Arcane Tower
47:30 Arcane Tower
47:30 Arcane Tower
47:36 Arcane Tower
47:53 Arcane Tower
47:54 Arcane Tower
47:54 Arcane Tower
47:54 Arcane Tower
47:58 Arcane Tower
47:58 Arcane Tower
48:38 Arcane Tower
48:38 Arcane Tower
48:39 Arcane Tower
48:39 Arcane Tower
53:18 Town Hall
53:22 Scout Tower
53:49 Scout Tower
53:51 Guard Tower
53:51 Guard Tower
53:51 Guard Tower
55:01 Scout Tower
55:02 Scout Tower
55:02 Scout Tower
55:03 Scout Tower
55:04 Scout Tower
55:05 Scout Tower
55:06 Scout Tower
55:07 Arcane Tower
55:07 Arcane Tower
55:08 Arcane Tower
55:10 Scout Tower
55:10 Scout Tower
55:40 Arcane Tower
55:40 Arcane Tower
55:41 Guard Tower
55:42 Guard Tower
55:42 Guard Tower
55:42 Guard Tower
55:43 Guard Tower
55:43 Guard Tower
55:43 Guard Tower
56:07 Guard Tower
56:07 Guard Tower
56:07 Guard Tower
» items
| Scroll of Regeneration | 12 | |
| Lesser Clarity Potion | 15 | |
| Mechanical Critter | 2 | |
| Potion of Invisibility | 7 | |
| Potion of Lesser Invulnerability | 2 | |
| Boots of Speed | 1 | |
| Periapt of Vitality | 1 | |
| Potion of Mana | 2 | |
| Ivory Tower | 7 | |
| Scroll of Town Portal | 10 | |
| Staff of Teleportation | 1 | |
| Potion of Healing | 1 | |
61 total
Mista (
red | 0 APM | 13 actions | 67:54)
» actions
| Basic commands | 1 | |
| Select / deselect | 11 | |
| Use ability | 1 | |
13 total
SeaLab2021 (
green | 24 APM | 1662 actions | 67:54)
2 Dark Ranger
1 Black Arrow
1 Life Drain
1 Paladin
1 Divine Shield
» actions
| Assign group hotkey | 6 | |
| Basic commands | 5 | |
| Build / train | 93 | |
| Enter build submenu | 97 | |
| Enter hero's abilities submenu | 3 | |
| Give item / drop item | 1 | |
| Remove unit from queue | 7 | |
| Right click | 514 | |
| Select / deselect | 507 | |
| Select group hotkey | 277 | |
| Use ability | 151 | |
1662 total
» units
| Peasant | 9 | |
| Footman | 2 | |
| Goblin Zeppelin | 1 | |
12 total
» upgrades
| Masonry | 3 | |
| Lumber Harvesting | 2 | |
5 total
» buildings
| Altar of Kings | 2 | |
| Farm | 9 | |
| Barracks | 1 | |
| Scout Tower | 67 | |
| Lumber Mill | 2 | |
| Guard Tower | 39 | |
| Keep | 1 | |
| Arcane Vault | 3 | |
| Castle | 1 | |
| Gryphon Aviary | 1 | |
| Blacksmith | 1 | |
| Workshop | 2 | |
| Cannon Tower | 13 | |
| Arcane Tower | 1 | |
143 total
» build order
00:10 Altar of Kings
00:15 Farm
00:41 Barracks
01:01 Farm
01:28 Farm
01:53 Farm
02:20 Scout Tower
02:50 Scout Tower
03:02 Lumber Mill
03:14 Scout Tower
03:21 Scout Tower
03:55 Scout Tower
04:11 Guard Tower
04:16 Scout Tower
04:27 Scout Tower
04:47 Guard Tower
05:00 Guard Tower
05:33 Keep
05:45 Guard Tower
06:16 Arcane Vault
06:33 Scout Tower
07:03 Guard Tower
07:18 Scout Tower
07:30 Scout Tower
07:39 Scout Tower
07:56 Castle
08:03 Guard Tower
08:23 Guard Tower
08:36 Scout Tower
09:07 Guard Tower
09:07 Guard Tower
09:17 Scout Tower
09:22 Scout Tower
09:54 Guard Tower
09:54 Guard Tower
10:03 Scout Tower
10:40 Gryphon Aviary
10:42 Guard Tower
10:57 Scout Tower
11:37 Farm
11:40 Guard Tower
11:55 Farm
12:08 Arcane Vault
12:18 Scout Tower
12:26 Scout Tower
12:50 Guard Tower
12:55 Scout Tower
13:05 Scout Tower
13:12 Guard Tower
13:28 Blacksmith
13:39 Scout Tower
13:43 Scout Tower
13:51 Scout Tower
14:08 Scout Tower
15:04 Workshop
15:12 Scout Tower
15:25 Workshop
15:30 Guard Tower
15:51 Scout Tower
16:05 Scout Tower
16:13 Scout Tower
16:32 Cannon Tower
16:46 Cannon Tower
17:11 Scout Tower
17:19 Scout Tower
17:37 Cannon Tower
17:52 Scout Tower
17:54 Cannon Tower
17:59 Scout Tower
18:06 Scout Tower
18:08 Cannon Tower
18:13 Scout Tower
18:31 Cannon Tower
18:36 Scout Tower
18:58 Scout Tower
19:02 Cannon Tower
19:17 Cannon Tower
19:23 Scout Tower
19:31 Guard Tower
19:56 Cannon Tower
20:17 Scout Tower
20:30 Scout Tower
20:33 Guard Tower
20:44 Cannon Tower
21:01 Cannon Tower
21:05 Scout Tower
21:19 Scout Tower
21:26 Scout Tower
21:37 Scout Tower
21:40 Guard Tower
21:52 Cannon Tower
21:56 Scout Tower
22:07 Scout Tower
22:14 Cannon Tower
22:35 Scout Tower
22:40 Guard Tower
23:04 Scout Tower
23:32 Guard Tower
23:41 Scout Tower
23:48 Scout Tower
23:53 Guard Tower
24:02 Altar of Kings
24:10 Guard Tower
24:32 Scout Tower
24:40 Scout Tower
24:48 Scout Tower
25:01 Farm
25:14 Scout Tower
25:20 Guard Tower
26:04 Scout Tower
27:03 Arcane Vault
27:10 Scout Tower
28:21 Guard Tower
28:21 Guard Tower
28:38 Guard Tower
28:43 Scout Tower
28:47 Scout Tower
29:29 Lumber Mill
30:10 Arcane Tower
30:57 Scout Tower
31:01 Scout Tower
31:08 Scout Tower
31:15 Scout Tower
31:22 Scout Tower
31:38 Scout Tower
31:39 Guard Tower
31:40 Guard Tower
31:42 Guard Tower
31:46 Scout Tower
32:01 Farm
33:01 Guard Tower
33:01 Guard Tower
33:01 Guard Tower
33:06 Guard Tower
33:15 Farm
33:29 Guard Tower
33:32 Guard Tower
33:37 Scout Tower
33:58 Scout Tower
34:09 Guard Tower
34:14 Guard Tower
34:14 Guard Tower
34:19 Scout Tower
34:48 Guard Tower
» items
| Lesser Clarity Potion | 1 | |
| Scroll of Regeneration | 1 | |
| Staff of Teleportation | 2 | |
| Potion of Lesser Invulnerability | 4 | |
| Boots of Speed | 1 | |
| Potion of Invisibility | 1 | |
10 total
Chat log
(00:11 / All) Noafkersorleave: Same retard again
(00:16 / All) Noafkersorleave: is this some kind of raid or something
(00:21 / All) Noafkersorleave: why are you and your friend doing this lol
(00:23 / All) butteryomelet: LOL
(00:36 / All) Noafkersorleave: Only the one this time at least
(00:39 / All) Noafkersorleave: what do you get out of this
(00:46 / All) Noafkersorleave: you aren't even fixing games to tk or anything
(00:50 / All) butteryomelet: 'HEY GUYS WANNA GO ON WC3 FRIDAY NIGHT AND TK AND AFK'
(00:51 / All) Noafkersorleave: or to mess around, you'rej ust being idiots
(00:52 / Allies) SeaLab2021: he or she has no life
(00:55 / Allies) Mista: we killed 4v4 on asia
(00:57 / All) MaybeaShowah: ?
(01:01 / All) Noafkersorleave: "we killed 4v4 on asia"
(01:01 / All) MaybeaShowah: what
(01:02 / All) Noafkersorleave: lmao
(01:02 / Allies) Mista: so now we moved here
(01:03 / All) butteryomelet: 'SOUNDS FUN LETS WATCH GAY PORN AFTER'
(01:04 / All) MaybeaShowah: is everyone talking about
(01:06 / All) Noafkersorleave: as if gooks and chinks even play there
(01:07 / Allies) Mista: whole clan of tk
(01:10 / Allies) Mista: china #1
(01:16 / All) MaybeaShowah: oh
(01:18 / All) MaybeaShowah: imma bs anyway
(01:20 / All) MaybeaShowah: green maphacks
(01:21 / All) MaybeaShowah: lol
(01:22 / All) Noafkersorleave: china #1, you a chink red?
(01:25 / Allies) Mista: we wont stop till theres no games on search
(01:32 / Allies) Mista: 80 tkers s//
(01:38 / Allies) Noafkersorleave: I've beentking since you were a baby
(01:39 / Allies) Mista: 4v4 for next few months
(01:47 / Allies) Mista: we closed whole server
(01:53 / Allies) Mista: cant get 4v4 on asia now
(01:54 / Allies) Noafkersorleave: and I'm part of a tk clan that's been around since like 2006
(02:01 / All) MaybeaShowah: thats
(02:03 / Allies) Mista: we killed 2 servers
(02:05 / All) MaybeaShowah: kinda hilariously stupid
(02:05 / Allies) Noafkersorleave: except we're not dumb niggersl ike you
(02:08 / Allies) Noafkersorleave: who just afk and leave evry game
(02:09 / All) MaybeaShowah: I doubt
(02:11 / Allies) Mista: we killed west 3 years ago also
(02:13 / All) MaybeaShowah: you got rid of 2 servers
(02:20 / All) MaybeaShowah: theres battle aren
(02:22 / All) MaybeaShowah: arena
(02:23 / All) MaybeaShowah: lol
(02:26 / All) Noafkersorleave: and says he has a tk clan of over 80 members
(02:27 / Allies) Mista: i did
(02:32 / Allies) Mista: i am find945989784597854
(02:35 / Allies) Mista: killed west rt
(02:37 / Allies) Mista: right off
(02:39 / All) butteryomelet: lol
(02:49 / Allies) Mista: go there and search 4v4 , u wont get a game in 2 hours on a new act
(02:49 / All) butteryomelet: ledj
(02:53 / Allies) Mista: same with asia
(02:59 / All) butteryomelet: ask him if its called isis?
(03:05 / Allies) Mista: after a while of every game ebing sh1t ppl stop playing
(03:13 / All) Noafkersorleave: what do you get out of this
(03:14 / Allies) Mista: try and play
(03:22 / Allies) Mista: theres around 80 of us online here right now
(03:23 / All) Noafkersorleave: are you having fun killing a dead game even more
(03:25 / All) butteryomelet: wasted time
(03:27 / All) Noafkersorleave: what's your clan called lol
(03:28 / Allies) Mista: we will close 4v4 here
(03:55 / All) butteryomelet: im a noob that likes to play this that is all
(06:44 / Allies) Noafkersorleave: so red
(06:47 / Allies) Noafkersorleave: this game is ruined
(06:51 / Allies) Noafkersorleave: why don't you leave and ruin another one
(06:58 / Allies) Noafkersorleave: or does your 80+ member clan have 500 cd keys you cycle through
(06:59 / Allies) Noafkersorleave: too?
(07:30 / Allies) Mista: just saw your commen than
(07:34 / Allies) Mista: dont need to
(07:36 / Allies) Noafkersorleave: why not
(07:39 / Allies) Mista: can load 32 at a time on 1 comp
(07:41 / Allies) Noafkersorleave: what do you get out of staying
(07:51 / All) Noafkersorleave: Red says he loads 32 games at once on 1 comp lmao
(07:55 / All) Noafkersorleave: to ruin bnet
(07:59 / Allies) Mista: yeah
(08:08 / All) Noafkersorleave: I wonder if this kid is for real
(08:11 / Allies) Mista: i was all 3 of greens allies earlier
(08:16 / Allies) Mista: few games ago
(08:22 / Allies) Noafkersorleave: that's just pathetic if true
(08:29 / Allies) SeaLab2021: it is true
(08:34 / Allies) Noafkersorleave: wow
(08:38 / Allies) Mista: and i got 17 games going right now haha
(08:41 / Allies) Noafkersorleave: haha
(08:42 / Allies) SeaLab2021: he was 3 people
(08:50 / Allies) Noafkersorleave: what do yo uget out of it
(08:58 / Allies) Mista: pretty much no-1 can play a game without me in right now
(09:06 / Allies) Noafkersorleave: what do you get out of this
(09:12 / Allies) Mista: killing this server
(09:15 / Allies) Mista: is my plan
(09:19 / Allies) Noafkersorleave: yeah but what does that get you
(09:21 / Allies) Mista: join me if u want
(17:03 / All) butteryomelet: i had to many peons
(24:21 / All) Noafkersorleave: nice bolt on the peasant making a tower rather than the one making the altar lawl
(24:40 / All) Stormbolt: not going to waste my life here any longer
(24:43 / All) butteryomelet: dos it mattter
(24:54 / All) Noafkersorleave: yea now green will get his hero
(25:04 / All) butteryomelet: ya n die with 1 bolt
(25:10 / All) Noafkersorleave: lawl
(25:47 / All) Klentir: no wonder wc3 is dead
(25:53 / All) Noafkersorleave: Yeah we got idiots like red
(26:01 / All) Noafkersorleave: with his unskilled "tk " clan of mass game joiners and ruiners
(26:04 / All) Noafkersorleave: rather than pros like me and my friend
(26:07 / All) Noafkersorleave: Yeah I know
(29:25 / All) butteryomelet: lol
(29:31 / All) Noafkersorleave: hehe
(31:41 / All) Noafkersorleave: out
(31:42 / All) Noafkersorleave: go away
(31:46 / All) butteryomelet: lol
(34:32 / All) SeaLab2021: why not just attack?
(34:39 / All) SeaLab2021: you have all the gold
(34:39 / All) Noafkersorleave: 13 hp
(35:30 / Allies) SeaLab2021: ty
(36:24 / All) Noafkersorleave: nice try
(36:28 / All) Noafkersorleave: better luck next time pal
(36:35 / All) butteryomelet: FUCK!
(37:14 / All) OffDaRails: I don't need to bet, I'm not a degenerate gambler
(37:16 / All) OffDaRails: I already know that you did
(37:59 / All) Noafkersorleave: lol
(38:14 / All) butteryomelet: LOL
(38:14 / Allies) SeaLab2021: lol
(38:28 / All) Noafkersorleave: shit
(38:31 / All) Noafkersorleave: that was a bad staff
(38:37 / All) Noafkersorleave: was trying to get near teal's base to head there again damn
(39:05 / 6) SeaLab2021: make my hero invis so i can attack
(39:20 / Allies) Noafkersorleave: k
(39:21 / Allies) Noafkersorleave: where's it at
(39:34 / Allies) Noafkersorleave: buy tp?
(40:06 / 6) SeaLab2021: ty
(41:56 / Allies) Noafkersorleave: I'll help harass
(42:13 / Allies) Noafkersorleave: shiot
(42:18 / 6) SeaLab2021: she so weak
(42:33 / All) OffDaRails: Dog killer
(43:07 / 6) SeaLab2021: get one priest to heal us
(43:10 / Allies) Noafkersorleave: k
(45:25 / Allies) SeaLab2021: mk
(45:28 / Allies) SeaLab2021: ?
(45:31 / Allies) Noafkersorleave: yeah
(46:41 / All) Noafkersorleave: good mk control teal
(46:48 / All) butteryomelet: thanks
(46:51 / All) butteryomelet: i try
(48:06 / All) SeaLab2021: almost
(49:50 / All) OffDaRails: This game would be over but yellow was a tker
(49:56 / All) OffDaRails: I meted out justice to him
(50:51 / All) butteryomelet: i think i give up
(51:33 / All) butteryomelet: lol blue
(52:02 / All) butteryomelet: watever
(52:05 / All) SeaLab2021: noooooo
(52:17 / All) butteryomelet: blues in control of the gold
(52:30 / All) SeaLab2021: i saw his towers
(53:16 / All) SeaLab2021: so much fun
(53:27 / All) butteryomelet: oh yeah
(54:35 / All) butteryomelet: yo pink
(54:45 / All) butteryomelet: DAM IT
(54:49 / All) Noafkersorleave: yp
(54:50 / All) Noafkersorleave: yo
(54:51 / Allies) Noafkersorleave: hi
(54:52 / All) Noafkersorleave: hi
(54:53 / All) Noafkersorleave: bye
(55:11 / All) SeaLab2021: you have to admit... pink is a bad ass
(55:19 / All) butteryomelet: blue more badass
(56:35 / All) SeaLab2021: is it pink vs teal?
(56:43 / All) Klentir: Nah, blue vs teal
(56:56 / All) Noafkersorleave: hpw the herll you see me
(57:05 / All) Noafkersorleave: wtf
(57:14 / All) Noafkersorleave: wards?
(57:45 / All) SeaLab2021: oh i see
(57:51 / All) butteryomelet: wait ni
(58:01 / All) SeaLab2021: blue going ape shit
(58:01 / All) butteryomelet: waiting for blue to TK
(58:32 / All) OffDaRails: TK yellow doesn't deserve a win
(58:40 / All) Noafkersorleave: yellow tked your last game?
(58:47 / All) OffDaRails: Yes he sure did!
(58:50 / All) Noafkersorleave: what happened
(58:51 / All) OffDaRails: I have the documents to prove it
(58:52 / All) Klentir: ......... You're so full of shit
(59:05 / All) Klentir: If you prove it I will send you $100 USD over paypal
(59:11 / All) Klentir: Swear on my life
(59:12 / All) Noafkersorleave: Well thanks for the easy win
(59:13 / All) OffDaRails: When the game was in our hands he totally became a TURNCOAT and slaughtered my army
(59:14 / All) Noafkersorleave: I appreciate it
(59:16 / All) OffDaRails: Leading to our defeat
(59:22 / All) OffDaRails: I was upset for the rest of the day
(59:23 / All) Noafkersorleave: thought we were done for sure when we had that idiot on our team
(59:40 / All) Noafkersorleave: idiots like red and yellow are the worst
(59:49 / All) Klentir: $100 USD if you can show I TKed
(59:52 / All) Klentir: I just started playing today
(59:58 / All) OffDaRails: I have the documents to prove it, trust me
(60:00 / All) SeaLab2021: red is everywhere
(60:04 / All) Klentir: then prove it
(60:09 / All) Klentir: I'd love to see it
(60:18 / All) Klentir: the spelling must be different because no one has the name I have
(60:21 / All) OffDaRails: Believe me, my evidence will have you changing your story so fast it'll make your head spin
(60:22 / All) SeaLab2021: he was 3 players on my team few games ago
(60:49 / All) Klentir: Why can't you just admit you're a TKer?
(60:57 / All) Noafkersorleave: speak for yourself
(60:58 / All) Klentir: what did purple do? what did teal do?
(61:05 / All) OffDaRails: Because you are the tker
(61:11 / All) OffDaRails: They were
(61:13 / All) Klentir: wtf kind of backwards logic is that
(61:14 / All) OffDaRails: allied with you
(61:20 / All) OffDaRails: Collateral damage
(61:30 / All) Klentir: nigga you're fucked in the head
(62:00 / All) Klentir: I've been playing hearthstone this whole time waiting for you to say April fools and leave
(62:24 / All) OffDaRails: Why would I say that when it happened?
(62:36 / All) Klentir: because you're dismissive of actually talking about it
(62:49 / All) OffDaRails: I have the documents to prove it, believe me
(62:56 / All) Klentir: then prove it
(62:59 / Allies) SeaLab2021: pink u giving yellow the win?
(63:08 / All) OffDaRails: I already have proven it
(63:09 / Allies) Noafkersorleave: no
(63:10 / Allies) Noafkersorleave: standoff
(63:12 / All) Klentir: when?
(63:22 / All) OffDaRails: Earlier
(63:54 / All) Klentir: you can't even say what race I was when I TKed you
(64:00 / All) OffDaRails: The race you selected
(64:05 / All) Noafkersorleave: He has the documents stfu tker
(64:07 / All) Klentir: at least have the decency to lie properly
(64:10 / All) Noafkersorleave: I'm reporting you yellow
(64:11 / All) Noafkersorleave: after this match
(64:15 / All) OffDaRails: I sent the documents to pink
(64:17 / All) Noafkersorleave: say good bye to your cd keys
(64:19 / All) OffDaRails: We are both reporting you
(64:23 / All) Klentir: this has been the worst $3.50 I ever spent...
(64:31 / All) Noafkersorleave: $3.50?
(64:32 / All) Noafkersorleave: what?
(64:38 / All) Klentir: I bought this game today
(64:43 / All) Klentir: because Sodapoppin was having fun
(64:45 / All) Noafkersorleave: for $3.50 off of some chinese website?
(64:47 / All) Noafkersorleave: LMAO
(64:53 / All) Noafkersorleave: You bought it because of that streamer faggot?
(64:59 / All) Noafkersorleave: who was streaming war3
(65:00 / All) OffDaRails: Who is Sodapoppin? Some kind of TK mastermind?
(65:13 / All) Noafkersorleave: Another thing to report you for, you have an illegal CD key
(65:21 / All) Klentir: it was $3.50 at gamestop
(65:27 / All) Noafkersorleave: well you won't have to worry about having spent $3.50 you can have it taken away real fast
(65:29 / All) Noafkersorleave: if you tk buddy
(65:38 / All) OffDaRails: Did you learn to betray your allies through the tutelage of Sodapoppin?
(65:47 / All) SeaLab2021: blue still has a main
(65:51 / All) Klentir: well, I'm starting to learn
(65:54 / All) Klentir: that to play this game
(65:58 / All) Klentir: it's best just to kill your allies
(66:00 / All) Noafkersorleave: Yellow is 1-3 I can believe he's new
(66:03 / All) Klentir: because trying to work with them is futile
(66:08 / All) OffDaRails: Only if you want to be some kinda turncoat
(66:20 / All) OffDaRails: I bet your favorite historical figure is Benedict Arnold, you fuckin sleazebag
(66:26 / All) Klentir: why work with someone if they might TK you midgame?
(66:27 / Allies) SeaLab2021: oh
(66:31 / All) Klentir: should just TK first
(66:35 / All) Klentir: pre-emptive strike
(66:42 / Allies) Noafkersorleave: you can reveal and buy units here
(66:46 / All) OffDaRails: But your enemies are overtly working towards your demise
(66:49 / Allies) Noafkersorleave: with gold I gave you
(66:53 / Allies) Noafkersorleave: you can make a fleet of zeppelins
(66:56 / All) Klentir: if I concede to defeat off the bat
(67:01 / All) Klentir: I can never lose a game
(67:07 / Allies) SeaLab2021: lol
(67:08 / Allies) Noafkersorleave: you can use this one too
(67:15 / All) OffDaRails: that's not my understanding
(67:16 / Allies) Noafkersorleave: you can move the critters around if you want too
(67:18 / Allies) Noafkersorleave: for scouting
(67:23 / All) OffDaRails: When at the end of the game it says that yo ufailed to achieve victory
(67:29 / All) OffDaRails: that means you lossed, in so many words
(67:32 / All) Klentir: if you never intend to win
(67:33 / Allies) Noafkersorleave: you have a sheep and stag to move around
(67:36 / All) Klentir: losing doesn't matter
(67:41 / Allies) Noafkersorleave: they can frolick about the forests of cherryville
(67:42 / All) OffDaRails: I'm reporting yellow for tking
(67:44 / Allies) Noafkersorleave: under your command
(67:45 / All) Noafkersorleave: Me too
(67:48 / All) Klentir: lmao
(67:48 / All) Noafkersorleave: writing my email right now
(67:49 / All) OffDaRails: Have a pleasant night, and good luck to you gents
(67:52 / All) Noafkersorleave: gl
(67:53 / All) Klentir: you faggots actually think blizzard cares?
(67:53 / All) Noafkersorleave: tk sucm